 Dungeon Crawl Stone Soup version 0.18-b1-22-ge198996 (webtiles) character file.

37 RudyRod the Firebug (level 3, -2/24 HPs)
             Began as a Demonspawn Fire Elementalist on May 4, 2016.
             Slain by a goblin
             ... wielding a +0 war axe
              (8 damage)
             ... on level 2 of the Dungeon.
             The game lasted 00:04:06 (1084 turns).

RudyRod the Firebug (Demonspawn Fire Elementalist)  Turns: 1084, Time: 00:04:07

Health: -2/24      AC:  2    Str:  8    XL:     3   Next: 21%
Magic:  4/6        EV: 12    Int: 17    God:
Gold:   7          SH:  0    Dex: 13    Spells: 1 memorised, 6 levels left

rFire  . . .     SeeInvis .     h - +0 whip
rCold  + . .     Gourm    .     a - +0 robe
rNeg   . . .     Faith    .     (no shield)
rPois  .         Spirit   .     (no helmet)
rElec  .         Dismiss  .     (no cloak)
rCorr  .         Reflect  .     (no gloves)
SustAt .         Harm     .     (no boots)
MR     .....                    (no amulet)
Stlth  ++........               (no ring)
                                (no ring)

@: not resistant to hostile enchantments, unstealthy
A: cold resistance 1
a: no special abilities


You were on level 2 of the Dungeon.
You were not hungry.

You visited 1 branch of the dungeon, and saw 2 of its levels.

You collected 7 gold pieces.

Inventory:

Hand Weapons
 h - a +0 whip (weapon)
Armour
 a - a +0 robe (worn)
Scrolls
 d - a scroll of enchant armour {unknown}
 j - a scroll of amnesia {unknown}
Potions
 e - 2 potions of curing {unknown}
 g - a potion of might {unknown}
Books
 b - a book of Flames

   Spells                             Type                      Level
   a - Flame Tongue                   Conjuration/Fire             1
   b - Throw Flame                    Conjuration/Fire             2
   c - Conjure Flame                  Conjuration/Fire             3
   d - Inner Flame                    Hexes/Fire                   3
   e - Sticky Flame                   Conjuration/Fire             4
   f - Fireball                       Conjuration/Fire             5
Comestibles
 c - 2 bread rations
 f - a meat ration
 i - a chunk of flesh


   Skills:
 + Level 2.1 Dodging
 + Level 1.8 Stealth
 + Level 2.5 Spellcasting
 + Level 1.0 Conjurations
 + Level 3.3 Fire Magic


You had 6 spell levels left.
You knew the following spells:

 Your Spells              Type           Power        Failure   Level  Hunger
a - Flame Tongue          Conj/Fire      #....        10%         1    #......


Dungeon Overview and Level Annotations

Branches:
Dungeon (1/15)

Altars:


Innate Abilities, Weirdness & Mutations

Your flesh is cold resistant.


Message History

Aim: a bat The flame tongue hits the bat.
You kill the bat!
Found a stone staircase leading up.
You see here a dagger.
You see here a scale mail.
j - a scroll labeled USI DUOJEOSISM A goblin comes into view.
It is wielding a war axe.
The goblin hits you with a war axe!
You hit the goblin.
The goblin is severely wounded.
The goblin hits you with a war axe!
* * * LOW HITPOINT WARNING * * *
Casting: Flame Tongue
Confirm with . or Enter, or press ? or * to list all spells.
Aiming: Flame Tongue
Press: ? - help, Shift-Dir - straight line, f - goblin
Aim: a goblin, wielding a war axe (severely wounded)
The flame tongue misses the goblin.
The goblin hits you with a war axe!
You die...

.. #. ##.# ... #.. # #
######### ##..
.##.#.####.......## #...
......g.#....<..##.##.#)
#.. #@#........#.....)
#..###.#........####...
#....#.#........# #..#
#.#.#.#.......# #..#
#.....#[......# #..#
###.###.......## #..#
#.# #.....)..# ##.#
#.###.#.###..#####.#
#........##........#


You could see a goblin.

Vanquished Creatures
  An adder (D:2)
  2 dart slugs (D:2)
  A giant gecko (D:1)
  A ball python (D:2)
  2 bats
  3 giant cockroaches (D:2)
  2 goblins (D:2)
  A hobgoblin (D:2)
  2 kobolds (D:2)
  A quokka (D:2)
  A giant newt (D:2)
  5 rats (D:2)
22 creatures vanquished.

Notes
Turn   | Place    | Note
--------------------------------------------------------------
     0 | D:1      | RudyRod the Demonspawn Fire Elementalist began the quest for the Orb.
     0 | D:1      | Reached XP level 1. HP: 13/13 MP: 3/3
    67 | D:1      | You fall through a shaft!
   361 | D:2      | Gained mutation: Your flesh is cold resistant. [demonic ancestry]
   361 | D:2      | Reached XP level 2. HP: 19/19 MP: 3/5
   463 | D:2      | Reached skill level 3 in Fire Magic
   855 | D:2      | Reached XP level 3. HP: 20/24 MP: 4/6
  1084 | D:2      | Slain by a goblin

Skill      XL: |  1  2 |
---------------+-------+-----
Fire Magic     | 3 |  3.3
Dodging        | 2 |  2.1
Stealth        | |  1.8
Spellcasting   | |  2.5
Conjurations   | |  1.0

Action                   || total
-------------------------++-------
Melee: Unarmed           ||    21
       Whip              ||     1
 Cast: Flame Tongue      ||    38
  Eat: Chunk             ||     1
Armor: Robe              ||     5
Dodge: Dodged            ||    23
